Map: Winter Madness LE

Players

LiquidClem (Clem)

  • Race: Protoss Protoss
  • League: Master
  • Spawn Location: 5:00

VITmaru (Maru) - Winner!

  • Race: Terran Terran
  • Spawn Location: 11:00

VOD

Have the link to the VOD?

Description

Time

  • Played on: Feb. 14, 2026, 6:08 a.m.
  • Length: 5:21
Show
View Real Time Build Order
Export as new Build Order

LiquidClem Protoss 

Build Orders: Blink Stalkers 

Get SALT Encoding   

  12  0:00  Probe  
  13  0:12  Probe  
  14  0:16  Pylon  
  14  0:23  Probe  
  15  0:31  Probe  
  16  0:36  Gateway  
  16  0:39  Probe  
  16  0:44  Assimilator  
  17  0:50  Probe  
  18  1:03  Probe  
  19  1:15  Probe  
  20  1:26  Cybernetics Core  
  20  1:27  Probe  
  21  1:34  Pylon  
  21  1:42  Probe  
  21  1:45  Nexus  
  22  1:50  Assimilator  
  22  1:52  Adept  
  23  1:54  Probe  
  23  2:03  Warp Gate  
  23  2:07  Probe  
  26  2:13  Adept  
  26  2:19  Probe  
  29  2:31  Probe  
  29  2:32  Twilight Council  
  30  2:43  Probe  
  30  2:50  Blink  
  30  2:53  Probe, Stalker  
  30  2:55  Probe  
  34  3:01  Probe  
  34  3:05  Gateway  
  35  3:07  Probe  
  35  3:11  Probe  
  36  3:19  Probe  
  38  3:23  Probe  
  38  3:27  Robotics Facility  
  39  3:31  Probe  
  40  3:34  Gateway  
  40  3:40  Gateway  
  40  3:45  Pylon  
  40  3:46  Probe x2  
  40  3:51  Stalker  
  40  3:58  Probe  
  40  3:59  Probe, Stalker  
  44  4:05  Warp Prism  
  44  4:09  Assimilator  
  44  4:10  Probe  
  44  4:11  Probe  
  48  4:20  Pylon  
  48  4:22  Stalker  
  50  4:28  Probe  
  51  4:38  Stalker  
  51  4:39  Stalker x2  
  51  4:42  Pylon  
  57  4:46  Pylon  
Show
View Real Time Build Order
Export as new Build Order

VITmaru Terran - Winner!

Build Orders: Cyclone Opening 

Get SALT Encoding   

  12  0:00  SCV  
  13  0:12  SCV  
  14  0:17  Supply Depot  
  14  0:24  SCV  
  14  0:27  Refinery  
  15  0:39  SCV  
  16  0:45  Barracks  
  16  0:51  SCV  
  17  1:03  SCV  
  18  1:11  Engineering Bay  
  18  1:15  SCV  
  18  1:32  Orbital Command, Reaper  
  19  1:52  Factory  
  19  1:55  Refinery  
  19  1:57  Supply Depot  
  19  1:58  SCV  
  20  2:03  Barracks  
  20  2:06  Barracks Reactor  
  20  2:10  SCV  
  21  2:22  SCV  
  22  2:24  Supply Depot  
  22  2:34  SCV  
  22  2:36  Factory Tech Lab  
  22  2:45  Starport, Marine x2  
  22  2:46  SCV  
  22  2:50  Marine  
  26  2:55  Cyclone  
  29  3:00  Supply Depot  
  29  3:05  Marine  
  29  3:06  Marine  
  29  3:09  Marine  
  32  3:23  Marine  
  32  3:24  Marine  
  34  3:27  Siege Tank  
  34  3:28  Marine  
  38  3:36  Medivac, Supply Depot  
  40  3:44  Marine  
  40  3:45  Marine  
  40  3:46  Marine  
  43  3:52  SCV  
  44  3:59  Siege Tank  
  47  4:03  Marine x2  
  47  4:04  Marine  
  50  4:15  Viking  
  52  4:28  Marine  
  52  4:29  Marine x2  
  54  4:49  Marine  
  54  4:52  Supply Depot  
Tags
 
Add a new tag
Caveats
  • Supply blocks, unpowered buildings, or Contaminate may cause inaccurate times.
  • Supply counts are checked every 10 seconds.